 Dungeon Crawl Stone Soup version 0.29-a0-529-gfa20dd96a1 (webtiles) character file.

Game seed: 15218365472788426010

121521 Sobieck the Destroyer (level 15, -6/119 HPs)
             Began as a Demigod Conjurer on May 31, 2022.
             Mangled by a ghost moth (14 damage)
             ... on level 4 of the Lair of Beasts on June 1, 2022.
             The game lasted 01:56:04 (30379 turns).

Sobieck the Destroyer (Demigod Conjurer)           Turns: 30379, Time: 01:56:05

Health: -6/119     AC:  7    Str:  7 (8)  XL:     15   Next: 85%
Magic:  2/36       EV: 16    Int: 38 (40) God:
Gold:   1712       SH: 11    Dex: 11 (12) Spells: 15/38 levels left

rFire   + . .      SeeInvis .   N - staff of earth {!astaff}
rCold   + + .      Faith    .   V - +1 kite shield {reflect}
rNeg    . . .      Spirit   .   y - +0 troll leather armour
rPois   .          Reflect  +   (no helmet)
rElec   .          Harm     .   k - scarf {rC+ rF+}
rCorr   .          Rampage  .   (no gloves)
Will    +....                   o - +2 pair of boots
Stlth   +.........              F - amulet of magic regeneration {@e2}
HPRegen 1.09/turn               W - +4 ring of evasion
MPRegen 0.65/turn               i - ring of protection from cold

@: no status effects
A: high MP 1, forlorn, divine attributes
a: no special abilities


You were on level 4 of the Lair of Beasts.
You visited 4 branches of the dungeon, and saw 24 of its levels.

You collected 2372 gold pieces.
You spent 660 gold pieces at shops.


Innate Abilities, Weirdness & Mutations

You have an increased reservoir of magic. (+10% MP)
You shall have no god before yourself.
Your divine heritage dramatically boosts your attributes as you level up.


   Skills:
 * Level 7.6 Fighting
 * Level 7.6 Dodging
 - Level 1.7 Stealth
 + Level 8.7 Shields
 - Level 12.0 Spellcasting
 - Level 14.0 Conjurations
 - Level 5.0 Hexes
 - Level 5.0 Translocations
 - Level 14.0 Earth Magic


You had 15 spell levels left.
You knew the following spells:

 Your Spells              Type           Power      Damage    Failure   Level
a - Iskenderun's Mystic   Conj/Tloc      76%        2d15      1%          4
c - Fulminant Prism       Conj/Hex       38%        3d18      1%          4
d - Lee's Rapid Deconstr  Erth           57%        3d27*     1%          5
e - Iron Shot             Conj/Erth      57%        9d11      2%          6
f - Leda's Liquefaction   Hex/Erth       48%        N/A       1%          4

Your spell library contained the following spells:

 Spells                   Type           Power      Damage    Failure   Level
 Magic Dart               Conj           100%       1d8       1%          1
 Shock                    Conj/Air       100%       1d9       1%          1
 Searing Ray              Conj           100%       2d8       1%          2
 Conjure Flame            Conj/Fire      66%        6-21      1%          3
 Dazzling Flash           Conj/Hex       100%       N/A       1%          3
 Stone Arrow              Conj/Erth      100%       3d13      1%          3
 Tukima's Dance           Hex            57%        N/A       2%          3
 Ensorcelled Hibernation  Hex/Ice        82%        N/A       3%          2
 Animate Armour           Summ/Erth      100%       N/A       3%          4
 Hailstorm                Conj/Ice       66%        3d14      3%          4
 Sticky Flame             Conj/Fire      66%        2d8       3%          4
 Sting                    Tmut/Pois      88%        1d7       6%          1
 Passage of Golubria      Tloc           57%        N/A       8%          4
 Poisonous Vapours        Pois/Air       44%        N/A       9%          2
 Sublimation of Blood     Necr           22%        N/A       9%          2
 Wereblood                Tmut           22%        N/A       9%          2
 Frozen Ramparts          Ice            44%        1d6       17%         3
 Ignite Poison            Fire/Tmut/Pois 22%        N/A       17%         3
 Spider Form              Tmut/Pois      22%        N/A       17%         3
 Anguish                  Hex/Necr       20%        N/A       21%         4
 Statue Form              Tmut/Erth      56%        N/A       45%         6
 Corpse Rot               Necr/Pois/Air  22%        N/A       50%         4
 Ice Form                 Ice/Tmut       22%        N/A       50%         4
 Summon Ice Beast         Ice/Summ       22%        N/A       50%         4
 Yara's Violent Unravell  Hex/Tmut       20%        3d9       50%         5
 Lehudib's Crystal Spear  Conj/Erth      57%        10d13     77%         8
 Malign Gateway           Summ/Tloc      20%        N/A       100%        7
 Storm Form               Tmut/Air       11%        N/A       100%        7
 Summon Hydra             Summ           11%        N/A       100%        7
 Summon Horrible Things   Summ           11%        N/A       100%        8
 Chain Lightning          Conj/Air       33%        3d44      100%        9

Inventory:

Hand Weapons
 a - a +1 hand crossbow of venom {crossbow}
   (You found it on level 3 of the Dungeon)
 b - a +0 vorpal halberd {polearm}
   (You took it off an ogre mage on level 14 of the Dungeon)
 E - the +6 rapier of the Howling Badger {vorpal, rPois MP+9 Int-4 Dex+3, short}
   (You found it on level 4 of the Dungeon)

   It inflicts extra damage upon your enemies.
   Int:       It affects your intelligence (-4).
   Dex:       It affects your dexterity (+3).
   rPois:     It protects you from poison.
   MP:        It affects your magic capacity (+9).
 I - the +11 quarterstaff of Prudence {protect, Int+4, staff}
   (You found it on level 3 of the Lair of Beasts)

   It grants its wielder temporary protection when it strikes (+7 to AC).
   Int:       It affects your intelligence (+4).
 L - a +2 dagger of draining {short}
   (You took it off an orc wizard on level 1 of the Orcish Mines)
 R - a +2 long sword of freezing {long}
   (You took it off an orc knight on level 12 of the Dungeon)
Missiles
 d - 724 stones {throwing}
 e - 14 curare-tipped darts {=fthrowing}
 f - 12 javelins {throwing}
 g - 7 silver javelins {throwing}
 t - 13 atropa-tipped darts {throwing}
 u - 55 poisoned darts {throwing}
 v - 18 boomerangs {throwing}
 B - 11 throwing nets {=f!fthrowing}
Armour
 k - a scarf of resistance (worn)
   (You found it on level 9 of the Dungeon)
 o - a +2 pair of boots (worn)
   (You found it on level 5 of the Lair of Beasts)
 y - a +0 troll leather armour (worn)
   (You found it on level 14 of the Dungeon)
 V - a +1 kite shield of reflection (worn)
   (You took it off a tengu warrior on level 13 of the Dungeon)
Magical Staves
 r - a staff of conjuration {!a@e2staff}
   (You found it on level 14 of the Dungeon)
 N - a staff of earth (weapon) {!astaff}
   (You found it on level 4 of the Lair of Beasts)
Jewellery
 i - a ring of protection from cold (right hand)
   (You took it off an orc on level 10 of the Dungeon)
 F - an amulet of magic regeneration (around neck) {@e2}
   (You found it on level 3 of the Dungeon)
 W - a +4 ring of evasion (left hand)
   (You found it on level 8 of the Dungeon)
 Z - a ring of protection from cold
   (You found it on level 14 of the Dungeon)
Wands
 j - a wand of digging (1)
   (You took it off an orc on level 8 of the Dungeon)
 p - a wand of flame (36)
   (You found it on level 2 of the Dungeon)
 s - a wand of iceblast (27)
   (You found it on level 8 of the Dungeon)
 H - a wand of acid (2) (quivered)
   (You found it on level 6 of the Lair of Beasts)
 J - a wand of polymorph (13)
   (You found it on level 5 of the Dungeon)
 K - a wand of paralysis (11)
   (You found it on level 1 of the Lair of Beasts)
Scrolls
 A - 2 scrolls of silence {!r}
 C - 2 scrolls of fog
 D - 3 scrolls of immolation {!r!r}
 G - 12 scrolls of teleportation {@r4}
 O - 9 scrolls of identify {@r1}
 P - 5 scrolls of blinking {!r}
 Q - 3 scrolls of magic mapping {!r}
 U - 4 scrolls of vulnerability {!r!r}
 X - a scroll of fear
 Y - a scroll of summoning
Potions
 c - 4 potions of haste {@q3}
 h - 6 potions of lignification {!q}
 l - 7 potions of curing {@q1}
 m - a potion of cancellation
 n - 8 potions of brilliance
 q - 6 potions of attraction {!q}
 w - 2 potions of mutation {!q}
 z - 2 potions of might
 M - a potion of flight
 S - a potion of ambrosia
 T - 4 potions of heal wounds {@q2}
Miscellaneous
 x - a condenser vane
   (You found it on level 10 of the Dungeon)

Dungeon Overview and Level Annotations

Branches:
Dungeon (15/15)            Temple (0/1) D:4            Lair (6/6) D:10
 Shoals (0/4) Lair:4       Spider (1/4) Lair:4        Slime (0/5) Lair:5
    Orc (2/2) D:12            Elf (0/3) Orc:2        Vaults (0/5) D:14
 Depths (0/4) D:15

Shops:
D:4 [   D:14 :   Orc:2 *!:*

Annotations:
D:5 1 runed translucent door, Crazy Yiuf
D:13 3 runed translucent doors, om's ghost, journeyman MiBe
Lair:5 1 runed translucent door
Lair:6 2 runed translucent doors
Orc:1 3 runed translucent doors, Xudibb's ghost, journeyman DgFi

#....P.P..##......P..P##
##......................>
#..............##P.....PP
##.......^...............
#..#........^......#P.P.
#..##^..................
#..##^^..^###......##.#.
##^..#^^^^^^###..........
#.....#^@^^###.##.#..#..#
#......^^^##^............
##.#^^...##^....P#.......
#..#^^...........#.......
##.##^^.^....^...........
#..#^##...^....##...P.#.
#...##).................
##.####..#..P.P#.##.##.P#
#..###..#.....###.#.PPPP.


There were no monsters in sight!


Message History

There is a hole to the Spider Nest here.
Unknown command.
You can't go up here!
Casting: Lee's Rapid Deconstruction (mildly dangerous; 1% risk of failure)
Confirm with . or Enter, or press ? or * to list all spells.
You erupt in a blast of force!
The mystic blast hits the culicivora!!
The culicivora is knocked back by the mystic blast.
The culicivora slams into the rock wall!
Casting: Iskenderun's Mystic Blast (mildly dangerous; 1% risk of failure)
Confirm with . or Enter, or press ? or * to list all spells.
You erupt in a blast of force!
The mystic blast hits the culicivora!!
You kill the culicivora!
Unknown command.
You start resting.
You start resting.
You climb downwards.
Welcome back to the Spider Nest!
This branch contains the gossamer rune of Zot.
You feel you are being watched by something.
You feel your power leaking away. You block something's attack.
Deactivating autopickup; reactivate with Ctrl-A.
Something hits you. Something stings you.
You feel dopey.
You feel you are being watched by something.
You feel your power leaking away. Something hits you but does no damage.
Something hits you!
You feel clumsy. Something stings you.
There is a crawl-hole back to the Lair, spattered with blood here.
Danger!
Casting: Iskenderun's Mystic Blast (mildly dangerous; 1% risk of failure)
Confirm with . or Enter, or press ? or * to list all spells.
Aiming: Lee's Rapid Deconstruction (mildly dangerous; 1% risk of failure)
Press: ? - help, Dir - move target A rock wall.
You feel a surge of power!
The wall shatters!
The blast of rock fragments hits something!
You hear an angry hiss. x2
You block something's attack. Something barely misses you.
Something stings you but does no damage.
Casting: Lee's Rapid Deconstruction (mildly dangerous; 1% risk of failure)
Confirm with . or Enter, or press ? or * to list all spells.
Aiming: Lee's Rapid Deconstruction (mildly dangerous; 1% risk of failure)
Press: ? - help, Dir - move target A rock wall.
You feel a surge of power!
The wall shatters!
The blast of rock fragments hits something!!
You hear an angry hiss. x3
Something hits you! You block something's attack. Something stings you!
A tarantella comes into view.
Something hits you!
You feel weakened. Something hits you. You block something's attack.
You climb upwards.
Welcome back to the Lair of Beasts!
Reactivating autopickup.
There is a hole to the Spider Nest here.
Unknown command.
Casting: Lee's Rapid Deconstruction (mildly dangerous; 1% risk of failure)
Confirm with . or Enter, or press ? or * to list all spells.
Okay, then.
Unknown command.
Deactivating autopickup; reactivate with Ctrl-A.
You miss something.
You feel you are being watched by something.
You feel your power leaking away. Something hits you!!
* * * LOW HITPOINT WARNING * * *
You block something's attack. Something stings you.
* * * LOW HITPOINT WARNING * * *
You feel you are being watched by something.
Something hits you!
* * * LOW HITPOINT WARNING * * *
You block something's attack.
Something stings you but does no damage.
Casting: Lee's Rapid Deconstruction (mildly dangerous; 1% risk of failure)
Confirm with . or Enter, or press ? or * to list all spells.
Okay, then.
Unknown command.
Okay, then.
Okay, then.
Unknown command.
You closely miss something. Something hits you!
* * * LOW HITPOINT WARNING * * *
Something hits you!
* * * LOW HITPOINT WARNING * * *
You feel dopey. Something stings you.
* * * LOW HITPOINT WARNING * * *
Unknown command.
That's the wrong kind of item! (Use * to select it.) Evoke which item? (* to show all) (? for menu, Esc to quit)
Huh?
Evoke which item? (* to show all) (? for menu, Esc to quit)
That's the wrong kind of item! (Use * to select it.) Evoke which item? (* to show all) (? for menu, Esc to quit)
Aiming: Corrosive Bolt
Press: ? - help, Shift-Dir - straight line The bolt of acid hits something.
The acid corrodes something!
Something hits you!
You die...

Skill      XL: |  1  2  3  4  5  6  7  8  9 10 11 12 13 14 15 |
---------------+----------------------------------------------+-----
Dodging        | 2 5 6 7 |  7.6
Spellcasting   | 2 3 4 5 6 7 8 9 11 12 | 12.0
Conjurations   | 4 5 6 7 8 10 11 12 13 14 | 14.0
Fighting       | 1 4 5 7 |  7.6
Hexes          | 1 2 3 4 5 |  5.0
Translocations | 2 5 |  5.0
Shields        | 3 4 6 8 |  8.7
Earth Magic    | 2 7 11 14 | 14.0
Stealth        | |  1.7

Action                   |  1- 3 |  4- 6 |  7- 9 | 10-12 | 13-15 || total
-------------------------+-------+-------+-------+-------+-------++-------
Melee: Club              |     1 |       |       |       |       ||     1
       Staff             |       |       |       |       |     5 ||     5
 Fire: Hand crossbow     |       |    80 |    85 |    57 |    12 ||   234
 Cast: Magic Dart        |    48 |    14 |       |       |       ||    62
       Searing Ray       |     6 |    23 |    37 |     4 |       ||    70
       Iskenderun's Myst |       |       |    13 |    79 |    40 ||   132
       Fulminant Prism   |       |       |    26 |   172 |   260 ||   458
       Stone Arrow       |       |       |       |     2 |       ||     2
       Iron Shot         |       |       |       |       |    83 ||    83
       Lee's Rapid Decon |       |       |       |       |   157 ||   157
       Leda's Liquefacti |       |       |       |       |     7 ||     7
Evoke: Wand              |       |       |       |       |     6 ||     6
  Use: Scroll            |       |    15 |     1 |    11 |    13 ||    40
       Potion            |       |     1 |     1 |     5 |     3 ||    10
Armor: Robe              |       |     9 |    15 |       |       ||    24
       Leather armour    |       |       |       |    11 |     6 ||    17
       Troll leather arm |       |       |       |       |     6 ||     6
Dodge: Dodged            |     4 |    31 |    53 |    64 |    92 ||   244
Block: Buckler           |       |       |       |     9 |    36 ||    45
       Kite shield       |       |       |       |       |    44 ||    44
       Reflection        |       |       |       |       |     9 ||     9

Levels and vault maps discovered:
D:1:      dpeg_arrival_leaves_temple_mockup, layout_loops_ring,
          minmay_misc_feat_pillars, hex_medium, minmay_tromino_v4_c
D:2:      layout_rooms, hellmonk_ecumenical_altar_run_dry,
          wad_floor_pattern_untrapped, lemuel_flame_loot_1, uniq_jessica,
          uniq_terence
D:3:      layout_loops_ring, fedhas_altar_1, nicolae_uskayaw_dance_hall,
          minmay_gold_behind_fungi
D:4:      layout_cave_pools, minmay_temple_entry_glass, serial_shops, shop
D:5:      nicolae_cairo_tiling_large_dashed, layout_loops_ring, kennysheep_mini,
          elyvilon_altar_4, marbit_many_paths, uniq_menkaure,
          uniq_crazy_yiuf_cottage
D:6:      layout_loops_ring, grunt_decor_arrowhead
D:7:      layout_basic, old_standard_altar
D:8:      layout_rooms, tso_altar, special_room [special_room_kobold],
          eino_tiny_chamber, minivault_25, uniq_psyche
D:9:      layout_rooms, grunt_temple_overflow_magic_moments,
          mainiacjoe_overflow_catwalk, nrook_campfire, dk_noncrumbling_4
D:10:     layout_cross, trog_book, nicolae_ru_path_of_blood, dpeg_lair_monsters
D:11:     layout_stronghold, uniq_sonja, uniq_maurice, uniq_harold, uniq_fannar
D:12:     layout_loops_ring, minmay_orc_entry_guard_dogs
D:13:     layout_irregular_city, gammafunk_ghost_ooze, gauntlet_entry_generic,
          grunt_ministairs_1, uniq_azrael
D:14:     minmay_box_of_curves, layout_basic, david_vaults_3, serial_shops,
          nicolae_square_shop, minmay_microvault
D:15:     hangedman_depths_entry_civil_slaughter, layout_irregular_city,
          grunt_ministairs_12, amcnicky_mini_pool_medium
Lair:1:   layout_big_grid, guppyfry_lair_drakes, uniq_urug
Lair:2:   layout_layer_cave, patterned_corridor
Lair:3:   layout_loops_ring, beast_lair_carwin_9
Lair:4:   layout_long_grid, minmay_shoals_entry_lonely_mermaid,
          spider_nest_entry_webs, uniq_snorg
Lair:5:   layout_cave_pods, slime_altar_2, chequers_serial_rivers_large_b,
          minmay_shattered_shrine, lemuel_fruit_fields
Lair:6:   cheibrodos_lair_end_hotspot, layout_gridlike
Spider:1: layout_spider_delve
Orc:1:    layout_caves, gammafunk_ghost_fury_of_okawaru
Orc:2:    st_orc_ogre_mass, layout_caves, bloody_makhleb

Notes
Turn   | Place    | Note
-------+----------+-------------------------------------------
     0 | D:1      | Sobieck the Demigod Conjurer began the quest for the Orb.
     0 | D:1      | Reached XP level 1. HP: 14/14 MP: 5/5
   344 | D:1      | Reached skill level 2 in Dodging
   344 | D:1      | Reached XP level 2. HP: 11/22 MP: 0/7
   347 | D:1      | Learned a level 2 spell: Searing Ray
   590 | D:1      | Reached skill level 2 in Spellcasting
   730 | D:1      | You add the spells Animate Armour, Malign Gateway and
                  | Summon Horrible Things to your library.
   730 | D:1      | Got Sif Muna's Guide on the Entourage
   741 | D:1      | Reached skill level 4 in Conjurations
  1000 | D:1      | Reached skill level 1 in Fighting
  1437 | D:2      | Reached XP level 3. HP: 28/28 MP: 6/8
  1472 | D:2      | Noticed Jessica
  1489 | D:2      | Killed Jessica
  1523 | D:2      | Noticed Terence
  1531 | D:2      | Killed Terence
  1532 | D:2      | Reached XP level 4. HP: 35/35 MP: 1/10
  1678 | D:2      | Learned a level 4 spell: Fulminant Prism
  3200 | D:4      | Reached skill level 5 in Conjurations
  3200 | D:4      | Reached skill level 1 in Hexes
  3200 | D:4      | Reached XP level 5. HP: 36/40 MP: 8/12
  3435 | D:4      | Found Cuseguur's Armour Emporium.
  3436 | D:4      | Found a staircase to the Ecumenical Temple.
  3881 | D:4      | Reached skill level 3 in Spellcasting
  4136 | D:4      | Identified the +6 rapier of the Howling Badger {vorpal,
                  | rPois MP+9 Int-4 Dex+3}
  4423 | D:5      | Entered Level 5 of the Dungeon
  4449 | D:5      | Noticed a black bear
  4453 | D:5      | Killed a black bear
  4454 | D:5      | Reached XP level 6. HP: 46/47 MP: 9/13
  4459 | D:5      | Learned a level 4 spell: Iskenderun's Mystic Blast
  4637 | D:5      | Reached skill level 2 in Hexes
  4710 | D:5      | Noticed Menkaure
  4715 | D:5      | Killed Menkaure
  4716 | D:5      | Reached skill level 6 in Conjurations
  4923 | D:5      | Reached XP level 7. HP: 27/52 MP: 11/15
  5107 | D:5      | You pick up a book of Armaments and begin reading...
  5107 | D:5      | You add the spells Stone Arrow and Lehudib's Crystal Spear
                  | to your library.
  5141 | D:5      | Reached skill level 3 in Hexes
  5228 | D:5      | Identified the +1 ring mail of Inaction {rElec}
  5256 | D:5      | You pick up a book of Vapours and begin reading...
  5256 | D:5      | You add the spells Poisonous Vapours and Corpse Rot to your
                  | library.
  5325 | D:5      | Found a runed translucent door.
  5326 | D:5      | Noticed Crazy Yiuf
  5371 | D:5      | Reached skill level 4 in Spellcasting
  5389 | D:5      | Reached skill level 7 in Conjurations
  5985 | D:6      | Reached XP level 8. HP: 55/59 MP: 13/18
  6162 | D:6      | Reached skill level 4 in Hexes
  6256 | D:6      | Reached skill level 8 in Conjurations
  6360 | D:6      | Reached skill level 1 in Translocations
  6400 | D:6      | You pick up a book of Blood and begin reading...
  6400 | D:6      | You add the spells Sublimation of Blood, Wereblood and
                  | Summon Hydra to your library.
  6764 | D:6      | Reached skill level 5 in Spellcasting
  7004 | D:6      | Reached skill level 2 in Translocations
  7429 | D:7      | HP: 12/59 [ice beast (14)]
  7431 | D:7      | Reached XP level 9. HP: 12/64 MP: 12/20
  7698 | D:7      | Reached skill level 5 in Hexes
  8021 | D:7      | Reached skill level 9 in Conjurations
  8323 | D:7      | Reached skill level 3 in Translocations
  8473 | D:8      | Noticed Psyche
  8481 | D:8      | Killed Psyche
  8696 | D:8      | Reached skill level 6 in Spellcasting
  8696 | D:8      | Reached skill level 4 in Translocations
  8737 | D:8      | Reached skill level 10 in Conjurations
  9060 | D:8      | Reached skill level 5 in Translocations
  9067 | D:8      | Noticed a kobold demonologist
  9071 | D:8      | Noticed a rust devil
  9078 | D:8      | Killed a kobold demonologist
  9372 | D:8      | Reached XP level 10. HP: 72/72 MP: 19/23
  9861 | D:9      | Reached skill level 2 in Fighting
 10093 | D:9      | Got Sif Muna's Handbook of Transmigration {@e2}
 10439 | D:10     | Entered Level 10 of the Dungeon
 10492 | D:10     | Noticed a death yak
 10493 | D:10     | Noticed a death yak
 10507 | D:10     | Killed a death yak
 10507 | D:10     | Killed a death yak
 10508 | D:10     | Reached skill level 3 in Fighting
 10508 | D:10     | Reached skill level 3 in Dodging
 10527 | D:10     | Noticed a death yak
 10538 | D:10     | Killed a death yak
 10539 | D:10     | Reached skill level 4 in Dodging
 10672 | D:10     | Noticed a death yak
 10674 | D:10     | Noticed a death yak
 10701 | D:10     | Noticed a death yak
 10702 | D:10     | Killed a death yak
 10703 | D:10     | Reached skill level 7 in Spellcasting
 10739 | D:10     | Reached skill level 4 in Fighting
 10748 | D:10     | Found a staircase to the Lair.
 10981 | D:10     | Reached skill level 5 in Dodging
 11140 | D:10     | Noticed a two-headed ogre
 11148 | D:10     | Killed a two-headed ogre
 11149 | D:10     | Reached skill level 11 in Conjurations
 11196 | D:10     | Reached XP level 11. HP: 84/84 MP: 22/25
 11441 | D:10     | Noticed a death yak
 11451 | D:10     | Killed a death yak
 11452 | D:10     | Reached skill level 1 in Shields
 11454 | D:10     | Killed a death yak
 11463 | D:10     | Killed a death yak
 11840 | D:11     | Reached skill level 2 in Shields
 12283 | D:11     | Noticed Fannar
 12303 | D:11     | Noticed Harold
 12359 | D:11     | Noticed Sonja
 12378 | D:11     | Killed Sonja
 12380 | D:11     | HP: 21/85 [poisoned by Sonja (curare-tipped dart)]
 12385 | D:11     | HP: 15/85 [poisoned by Sonja (curare-tipped dart)]
 12770 | Lair:1   | Entered Level 1 of the Lair of Beasts
 13025 | Lair:1   | Noticed Urug
 13035 | Lair:1   | Killed Urug
 13036 | Lair:1   | Reached skill level 5 in Fighting
 13278 | Lair:2   | Reached skill level 12 in Conjurations
 13319 | Lair:2   | Noticed a five-headed hydra
 13327 | Lair:2   | Killed a five-headed hydra
 13328 | Lair:2   | Reached skill level 6 in Dodging
 13328 | Lair:2   | Reached skill level 3 in Shields
 13331 | Lair:2   | You pick up a book of Dreams and begin reading...
 13331 | Lair:2   | You add the spells Ensorcelled Hibernation, Spider Form and
                  | Anguish to your library.
 13526 | Lair:2   | You fall into a shaft and drop 2 floors!
 13570 | Lair:4   | HP: 13/88 [cane toad (21)]
 13581 | Lair:3   | HP: 6/88 [rime drake/flash freeze (16)]
 13585 | Lair:3   | Noticed a six-headed hydra
 14176 | Lair:2   | Reached skill level 8 in Spellcasting
 14309 | Lair:2   | Reached XP level 12. HP: 94/94 MP: 6/28
 15384 | Lair:3   | Killed a six-headed hydra
 15385 | Lair:3   | Reached skill level 4 in Shields
 15447 | Lair:3   | Reached skill level 6 in Fighting
 15459 | Lair:3   | Noticed a six-headed hydra
 15468 | Lair:3   | Killed a six-headed hydra
 15493 | Lair:3   | Noticed a four-headed hydra
 15617 | Lair:2   | Killed a four-headed hydra
 15808 | Lair:3   | Reached skill level 7 in Dodging
 15821 | Lair:3   | Reached skill level 13 in Conjurations
 15906 | Lair:3   | Identified the +11 quarterstaff of Prudence {protect,
                  | Int+4}
 15935 | Lair:3   | You pick up a book of Rime and begin reading...
 15935 | Lair:3   | You add the spells Frozen Ramparts, Ice Form and Summon Ice
                  | Beast to your library.
 16760 | Lair:4   | Noticed Snorg
 16773 | Lair:4   | Killed Snorg
 17013 | Lair:4   | Learned a level 3 spell: Stone Arrow
 17253 | Lair:4   | Reached skill level 1 in Earth Magic
 17422 | Lair:4   | Reached skill level 7 in Fighting
 17469 | Lair:4   | Reached skill level 9 in Spellcasting
 17669 | Lair:4   | Found a staircase to the Shoals.
 17804 | Lair:4   | Found a hole to the Spider Nest.
 17917 | Lair:5   | Reached skill level 2 in Earth Magic
 17925 | Lair:5   | Upgraded the game from 0.29-a0-520-gc852659d43 to
                  | 0.29-a0-529-gfa20dd96a1
 18364 | Lair:5   | Noticed a seven-headed hydra
 18374 | Lair:5   | Killed a seven-headed hydra
 18464 | Lair:5   | Reached XP level 13. HP: 105/105 MP: 21/30
 18532 | Lair:5   | Reached skill level 14 in Conjurations
 18532 | Lair:5   | Reached skill level 3 in Earth Magic
 18716 | Lair:5   | Found a runed translucent door.
 18730 | Lair:5   | Found a staircase to the Slime Pits.
 19023 | Lair:6   | Entered Level 6 of the Lair of Beasts
 19211 | Lair:6   | Reached skill level 4 in Earth Magic
 19463 | Lair:6   | Reached skill level 10 in Spellcasting
 19463 | Lair:6   | Reached skill level 5 in Earth Magic
 19969 | Lair:6   | Reached skill level 6 in Earth Magic
 20323 | Lair:6   | Reached skill level 7 in Earth Magic
 20332 | Lair:6   | Reached skill level 11 in Spellcasting
 20622 | Lair:6   | Found a large runed translucent door.
 20623 | Lair:6   | Found a large runed translucent door.
 21536 | D:11     | Identified a scroll of acquirement
 21537 | D:11     | Acquired the Handbook of Damaging Necromancy
 21540 | D:11     | You add the spells Shock, Conjure Flame, Sticky Flame,
                  | Hailstorm, Iron Shot and Chain Lightning to your library.
 21548 | D:11     | Learned a level 6 spell: Iron Shot
 21612 | D:11     | Killed Harold
 21862 | D:11     | Noticed Maurice
 21870 | D:11     | Killed Maurice
 21989 | D:11     | Killed Fannar
 22137 | D:12     | Reached XP level 14. HP: 113/113 MP: 15/34
 22213 | D:12     | Reached skill level 8 in Earth Magic
 22680 | D:12     | Found a staircase to the Orcish Mines.
 23341 | D:13     | Noticed Azrael
 23344 | D:13     | Killed Azrael
 23475 | D:13     | Reached skill level 12 in Spellcasting
 23475 | D:13     | Reached skill level 9 in Earth Magic
 23707 | D:13     | Found a runed translucent gate.
 23707 | D:13     | Found a runed translucent gate.
 23707 | D:13     | Found a runed translucent gate.
 23707 | D:13     | Noticed om's ghost (journeyman MiBe)
 23707 | D:13     | Noticed an acid blob
 23708 | D:13     | Noticed an acid blob
 23708 | D:13     | Noticed an acid blob
 23708 | D:13     | Noticed an acid blob
 23710 | D:13     | Noticed an azure jelly
 24393 | D:14     | Found Gosyawnu's Book Emporium.
 24397 | D:14     | Bought a book of the Earth for 360 gold pieces
 24397 | D:14     | You pick up a book of the Earth and begin reading...
 24397 | D:14     | You add the spells Leda's Liquefaction, Lee's Rapid
                  | Deconstruction and Statue Form to your library.
 24403 | D:14     | Learned a level 5 spell: Lee's Rapid Deconstruction
 24408 | D:14     | Learned a level 4 spell: Leda's Liquefaction
 24504 | D:14     | Reached skill level 10 in Earth Magic
 25101 | D:14     | Reached skill level 5 in Shields
 25102 | D:14     | You add the spells Tukima's Dance, Passage of Golubria and
                  | Yara's Violent Unravelling to your library.
 25196 | D:14     | Got the Compendium of Gliding Intoxication
 25411 | D:14     | Reached skill level 11 in Earth Magic
 25411 | D:14     | Noticed Rupert
 25451 | D:14     | Paralysed by Rupert for 3 turns
 25463 | D:14     | Killed Rupert
 25647 | D:14     | Found a gate to the Vaults.
 26405 | D:15     | Entered Level 15 of the Dungeon
 26489 | D:15     | Reached skill level 6 in Shields
 26717 | D:15     | Reached XP level 15. HP: 118/118 MP: 31/36
 26767 | D:15     | Identified the +1 robe of Analysis {rC+}
 26845 | D:15     | Reached skill level 12 in Earth Magic
 26933 | D:15     | Found a staircase to the Depths.
 27264 | D:15     | Reached skill level 7 in Shields
 27891 | Orc:1    | Entered Level 1 of the Orcish Mines
 27932 | Orc:1    | Reached skill level 13 in Earth Magic
 27995 | D:12     | HP: 1/118 [orc knight/+0 battleaxe (38)]
 28207 | Orc:1    | Found a runed translucent gate.
 28207 | Orc:1    | Noticed Xudibb's ghost (journeyman DgFi)
 28437 | Orc:1    | Found a runed translucent gate.
 28437 | Orc:1    | Found a runed translucent gate.
 28604 | Orc:2    | Entered Level 2 of the Orcish Mines
 29054 | Orc:2    | Found a staircase to the Elven Halls.
 29133 | Orc:2    | Reached skill level 8 in Shields
 29573 | Orc:2    | Reached skill level 14 in Earth Magic
 29865 | Orc:2    | Found Heff's General Store.
 29865 | Orc:2    | Found Miyjouro's Book Boutique.
 29872 | Orc:2    | Found Xetaz's Distillery.
 29872 | Orc:2    | Found Ocub's Assorted Antiques.
 29883 | Orc:2    | Bought 2 potions of heal wounds for 120 gold pieces
 29883 | Orc:2    | Bought a potion of haste for 120 gold pieces
 29883 | Orc:2    | Bought a potion of heal wounds for 60 gold pieces
 30254 | Spider:1 | Entered Level 1 of the Spider Nest
 30378 | Lair:4   | HP: 19/119 [something (17)]
 30378 | Lair:4   | HP: 7/119 [something (5)]
 30379 | Lair:4   | Mangled by a ghost moth

Vanquished Creatures
  Rupert (D:14)
  An orc warlord (Orc:2)
  An entropy weaver (Spider:1)
  Azrael (D:13)
  Snorg (Lair:4)
  2 ettins
  An ice dragon (D:14)
  4 boulder beetles
  13 hydras
  Harold (D:11)
  Fannar (D:11)
  8 centaur warriors
  A death knight (D:15)
  7 ogre magi
  20 two-headed ogres
  11 death yaks
  2 deep troll earth magi (D:14)
  6 tengu warriors
  Urug (Lair:1)
  Sonja (D:11)
  7 skeletal warriors
  2 phantasmal warriors (D:15)
  A deep troll (D:15)
  3 orc knights
  2 necromancers (D:15)
  A lindwurm (Lair:6)
  A deep elf pyromancer (D:13)
  3 wolf spiders
  7 orc sorcerers
  8 cyclopes
  A deep elf zephyrmancer (D:14)
  6 ugly things
  5 manticores
  Maurice (D:11)
  A merfolk siren (Lair:4)
  12 elephants
  6 black mambas
  3 molten gargoyles (Lair:6)
  2 gargoyles
  An unseen horror (D:13)
  16 cane toads
  2 kobold demonologists
  Psyche (D:8)
  2 torpor snails
  12 komodo dragons
  5 rime drakes
  A freezing wraith (D:15)
  A yaktaur (D:14)
  5 trolls
  3 meliai (D:13)
  A polar bear (Lair:6)
  2 tarantellas (Spider:1)
  8 dream sheep
  A hornet (D:8)
  18 blink frogs
  7 slime creatures
  2 culicivoras
  A centaur simulacrum (D:14)
  A water elemental (D:15)
  4 wraiths
  25 yaks
  2 fire elementals (D:13)
  16 humans (D:14)
  3 steam dragons
  6 wyverns
  7 basilisks
  8 redbacks
  Menkaure (D:5)
  12 water moccasins
  6 wargs
  6 hell hounds
  2 sky beasts
  18 orc warriors
  3 wolves (Lair:5)
  4 ice beasts
  A black bear (D:5)
  16 centaurs
  28 ogres
  A phantom (D:6)
  7 kobold brigands
  A gnoll sergeant (D:8)
  13 bullfrogs
  A necrophage (D:5)
  5 scorpions
  A hornet simulacrum (D:15)
  11 killer bees
  4 howler monkeys
  A hound (D:5)
  5 lava snakes (Lair:6)
  2 jellies
  22 orc priests
  5 iguanas
  Jessica (D:2)
  Terence (D:2)
  16 orc wizards
  A boggart simulacrum (D:14)
  6 gnolls
  5 adders
  A shadow imp (D:5)
  A white imp (D:5)
  5 dart slugs
  45 orcs
  5 endoplasms
  A giant cockroach (D:3)
  7 goblins
  11 hobgoblins
  3 jackals (D:4)
  2 quokkas
  7 ball pythons
  A bat (D:2)
  4 frilled lizards
  22 kobolds
  5 rats
  A bush (Lair:6)
  4 fulminant prisms
648 creatures vanquished.

Vanquished Creatures (others)
  A quokka (D:5)
  A frilled lizard (D:2)
  2 bushes (Lair:6)
  454 fulminant prisms
  65 fungi
  81 plants
  5 toadstools (D:3)
609 creatures vanquished.

Grand Total: 1257 creatures vanquished

Table legend:
 A = Non-vault XP
 B = Vault XP
 C = Vault XP percentage of total XP
 D = Non-vault monster count
 E = Vault monster count
 F = Vault count percentage of total count
                 A         B        C        D         E       F
            +---------+---------+-------+---------+---------+-------
      Total |  104536 |   69066 |  39.8 |     477 |     166 |  25.8
            +---------+---------+-------+---------+---------+-------
        D:1 |      35 |       6 |  14.6 |      18 |       2 |  10.0
        D:2 |      34 |      73 |  68.2 |      13 |       2 |  13.3
        D:3 |      43 |       0 |   0.0 |      17 |       0 |   0.0
        D:4 |     182 |       0 |   0.0 |      12 |       0 |   0.0
        D:5 |     791 |     290 |  26.8 |      21 |       2 |   8.7
        D:6 |    1410 |       0 |   0.0 |      20 |       0 |   0.0
        D:7 |    1140 |       1 |   0.1 |      16 |       1 |   5.9
        D:8 |    1188 |    1383 |  53.8 |      21 |      13 |  38.2
        D:9 |     824 |       0 |   0.0 |      13 |       0 |   0.0
       D:10 |    3454 |    5647 |  62.0 |      20 |       7 |  25.9
       D:11 |    1017 |    2974 |  74.5 |       9 |       4 |  30.8
       D:12 |    9180 |     335 |   3.5 |      23 |       2 |   8.0
       D:13 |    9139 |    2080 |  18.5 |      19 |       7 |  26.9
       D:14 |    5369 |   17506 |  76.5 |      13 |      34 |  72.3
       D:15 |   13904 |    8854 |  38.9 |      30 |      13 |  30.2
     Lair:1 |    1374 |     943 |  40.7 |       5 |       2 |  28.6
     Lair:2 |    7091 |       0 |   0.0 |      17 |       0 |   0.0
     Lair:3 |    5098 |    1236 |  19.5 |      14 |       6 |  30.0
     Lair:4 |    6666 |    2151 |  24.4 |      26 |       6 |  18.8
     Lair:5 |    2564 |    3247 |  55.9 |      10 |       5 |  33.3
     Lair:6 |   19524 |    5896 |  23.2 |      51 |      24 |  32.0
   Spider:1 |    3139 |       0 |   0.0 |       9 |       0 |   0.0
      Orc:1 |    4280 |       0 |   0.0 |      49 |       0 |   0.0
      Orc:2 |    7090 |   16444 |  69.9 |      31 |      36 |  53.7
            +---------+---------+-------+---------+---------+-------

Illustrated notes

Table legend:
 A = Kills in this place as a percentage of kills in entire the game.
 B = Kills by you in this place as a percentage of kills by you in the entire game.
 C = Kills by friends in this place as a percentage of kills by friends in the entire game.
 D = Other kills in this place as a percentage of other kills in the entire game.
 E = Experience gained in this place as a percentage of experience gained in the entire game.
 F = Experience gained in this place divided by the number of levels of this place that you have seen.
                   A       B       C       D       E      F
               +-------+-------+-------+-------+-------+----------------------
         Total | 100.0 | 100.0 |   N/A |   N/A | 100.0 | 7233.4
       Dungeon |  54.7 |  54.7 |   N/A |   N/A |  50.0 | 5790.6
          Lair |  25.8 |  25.8 |   N/A |   N/A |  32.1 | 9298.3
   Spider Nest |   1.4 |   1.4 |   N/A |   N/A |   1.8 | 3139.0
  Orcish Mines |  18.0 |  18.0 |   N/A |   N/A |  16.0 | 13907.0
               +-------+-------+-------+-------+-------+----------------------

Table legend: (Time is in decaauts)
 A = Elapsed time spent in this place.
 B = Non-inter-level travel time spent in this place.
 C = Inter-level travel time spent in this place.
 D = Time resting spent in this place.
 E = Time spent auto-exploring this place.
 F = Levels seen in this place.
 G = Mean time per level.
                   A        B        C        D        E       F      G
               +--------+--------+--------+--------+--------+-----+--------+
         Total |  30621 |  29268 |   1353 |   6933 |  15833 |  24 | 1275.9 |
       Dungeon |  19641 |  18947 |    694 |   4539 |  10668 |  15 | 1309.4 |
          Lair |   8988 |   8454 |    534 |   1982 |   4304 |   6 | 1498.0 |
   Spider Nest |     33 |     33 |      0 |      2 |      0 |   1 |   33.0 |
  Orcish Mines |   1957 |   1833 |    124 |    409 |    861 |   2 |  978.5 |
               +--------+--------+--------+--------+--------+-----+--------+

Top non-repeatable levels by time:
  Lair:6: 2300 daAuts
    D:14: 2203 daAuts
  Lair:2: 2015 daAuts
     D:7: 1593 daAuts
    D:11: 1515 daAuts
     D:6: 1405 daAuts
     D:3: 1404 daAuts
    D:10: 1370 daAuts
     D:5: 1354 daAuts
  Lair:4: 1334 daAuts
     D:1: 1324 daAuts
    D:12: 1308 daAuts
    D:13: 1304 daAuts
    D:15: 1287 daAuts
  Lair:3: 1229 daAuts
